Map: Bel'Shir Vestige LE (Void)

Players

Ghost - Winner!

  • Race: Terran Terran
  • Spawn Location: 5:00

Alexander

  • Race: Terran Terran
  • Spawn Location: 11:00

Event: WCS Austin 2017

VOD

Have the link to the VOD?

Description

Time

  • Played on: April 28, 2017, 2:33 p.m.
  • Length: 13:21

All games in this series

Show
View Real Time Build Order
Export as new Build Order

Ghost Terran - Winner!

Build Orders: Cyclone Opening, Reaper Expand, Bio Tank 

Get SALT Encoding   

  12  0:01  SCV  
  13  0:13  SCV  
  14  0:17  Supply Depot  
  14  0:25  SCV  
  14  0:27  Refinery  
  15  0:39  SCV  
  16  0:44  Barracks  
  16  0:51  SCV  
  17  1:03  SCV  
  18  1:15  SCV  
  19  1:31  Reaper, Orbital Command  
  20  1:52  Command Center  
  20  1:59  SCV  
  21  2:03  Factory  
  21  2:08  Barracks Reactor  
  21  2:11  SCV  
  21  2:14  Refinery  
  21  2:25  Supply Depot, SCV  
  22  2:43  SCV  
  23  2:46  Marine x2  
  23  2:48  Cyclone  
  28  2:59  SCV  
  29  3:06  Orbital Command  
  29  3:07  Starport, Marine  
  29  3:09  Marine  
  31  3:14  SCV  
  32  3:23  Cyclone  
  32  3:26  Marine, SCV  
  37  3:27  Marine  
  37  3:29  Orbital Command  
  38  3:39  SCV  
  39  3:45  Marine  
  39  3:46  Medivac, Marine  
  39  3:48  Supply Depot  
  43  3:53  SCV  
  44  3:56  SCV  
  44  4:00  Factory Tech Lab  
  45  4:03  Marine  
  45  4:06  Supply Depot  
  45  4:09  SCV  
  47  4:13  SCV  
  47  4:15  Marine  
  47  4:16  Supply Depot  
  49  4:22  Siege Tank  
  52  4:34  SCV x2  
  52  4:37  Marine x2  
  56  4:40  Viking  
  53  4:55  Marine x2  
  55  5:01  SCV x2  
  57  5:11  Siege Tank  
  57  5:13  Command Center, Marine  
  58  5:29  SCV x2  
  58  5:33  Barracks  
  58  5:34  Barracks  
  60  5:41  SCV x2  
  62  5:43  Engineering Bay  
  62  5:44  Viking  
  62  5:49  Supply Depot, Marine  
  64  5:50  Marine  
  64  5:54  SCV  
  64  5:56  SCV  
  68  6:07  SCV  
  68  6:10  SCV  
  68  6:11  Siege Tank  
  73  6:17  Missile Turret x2  
  73  6:19  Marine x2  
  73  6:20  Barracks Tech Lab  
  73  6:21  Barracks Tech Lab  
  73  6:22  Missile Turret  
  73  6:24  SCV x2  
  77  6:35  Orbital Command  
  77  6:37  Marine x2, SCV  
  77  6:38  SCV  
  81  6:43  Siege Tank  
  84  6:48  Marine  
  84  6:49  Stimpack, SCV  
  84  6:51  SCV  
  87  6:56  Barracks x2  
  87  6:59  Refinery  
  87  7:01  SCV  
  88  7:02  Refinery  
  88  7:07  Marine x4  
  92  7:09  Combat Shields  
  92  7:12  SCV x2  
  92  7:15  Siege Tank  
  92  7:24  Marine  
  92  7:28  Marine x2  
  93  7:33  Marine, SCV x2  
  93  7:34  SCV  
  89  7:39  Terran Infantry Weapons Level 1, Medivac  
  89  7:40  Engineering Bay  
  89  7:41  Supply Depot  
  89  7:42  Supply Depot, Marine  
  92  7:50  Barracks Reactor x2, Marine  
  93  7:56  Supply Depot  
  93  8:03  Marine x3  
  96  8:06  SCV x3  
  96  8:08  Marine  
  96  8:09  Terran Infantry Armor Level 1  
  96  8:10  Armory  
  100  8:16  Starport Reactor  
  100  8:20  Marine x2  
  100  8:21  Marine  
  100  8:22  SCV  
  100  8:23  SCV  
  100  8:26  Marine  
  107  8:29  Marine x4  
  110  8:35  SCV  
  111  8:43  Sensor Tower  
  111  8:45  Marine x4  
  111  8:46  Marine  
  116  8:49  Marine  
  117  8:57  Sensor Tower  
  117  9:04  Marine x2  
  117  9:05  Marine  
  117  9:06  Marine x2  
  117  9:08  Marine x2  
  116  9:20  Medivac  
  116  9:21  Supply Depot  
  116  9:23  Supply Depot  
  117  9:25  Medivac, Siege Tank  
  117  9:26  Factory, Barracks  
  117  9:27  Barracks  
  117  9:28  Supply Depot, Marine x2  
  117  9:30  Marine, Orbital Command  
  125  9:35  SCV  
  125  9:36  Marine, SCV  
  126  9:45  Marine x3  
  129  9:51  SCV x2  
  130  9:57  Supply Depot  
  130  9:58  Marine x3  
  133  10:05  Siege Tank  
  133  10:06  Marine x2  
  138  10:07  Marine  
  139  10:16  Marine x3  
  139  10:19  Barracks Reactor  
  139  10:20  Barracks Reactor, Marine  
  139  10:21  Marine  
  137  10:36  Command Center, Terran Infantry Armor Level 2  
  137  10:37  Terran Infantry Weapons Level 2  
  137  10:40  SCV x3  
  140  10:55  Marine x4  
  140  10:56  Marine x7  
  140  10:57  Marine  
  151  10:58  Factory Tech Lab, Siege Tank  
  154  11:12  Marine  
  154  11:13  Marine  
  156  11:19  Marine x4  
  160  11:28  Marine  
  160  11:32  Marine x2  
  161  11:33  Marine  
  164  11:41  Siege Tank  
  164  11:46  Supply Depot x2  
  164  11:48  Medivac x2, Siege Tank  
  151  11:59  Marine x3  
  151  12:00  Marine x2  
  132  12:01  Marine  
  132  12:02  Marine x2  
  130  12:13  Marine x2, Siege Tank  
  130  12:14  Marine x2  
  137  12:17  Marine x4  
  137  12:18  Marine, SCV x2  
  137  12:19  SCV  
  144  12:29  Marine x3  
  138  12:31  Marine x3  
  138  12:32  Siege Tank, Marine  
  138  12:35  Marine x3  
  148  12:41  Marine  
  148  12:43  Medivac x2  
  153  12:52  Marine x2  
  153  12:53  Marine x2  
Show
View Real Time Build Order
Export as new Build Order

Alexander Terran 

Build Orders: Banshee Rush 

Get SALT Encoding   

  12  0:00  SCV  
  13  0:13  SCV  
  14  0:18  Supply Depot  
  14  0:27  SCV  
  15  0:32  Refinery  
  15  0:39  SCV  
  16  0:46  Barracks  
  16  0:52  SCV  
  17  0:58  Refinery  
  17  1:04  SCV  
  18  1:16  SCV  
  19  1:34  Orbital Command  
  19  1:35  Reaper  
  20  1:47  Factory  
  20  2:00  SCV  
  21  2:08  Barracks Reactor  
  21  2:09  Supply Depot  
  21  2:12  SCV  
  22  2:24  SCV  
  23  2:33  Starport  
  23  2:36  Factory Tech Lab  
  23  2:38  SCV  
  23  2:41  Supply Depot  
  24  2:46  Marine x2  
  26  2:52  SCV  
  27  3:04  Supply Depot, SCV  
  28  3:06  Marine x2  
  30  3:16  Starport Tech Lab  
  30  3:19  SCV  
  31  3:24  Marine x2  
  33  3:31  SCV  
  34  3:39  Banshee  
  37  3:45  Siege Tank  
  37  3:47  SCV  
  41  3:49  Marine  
  41  3:51  Cloaking Field  
  42  3:59  SCV  
  43  4:12  Marine  
  43  4:13  Marine  
  45  4:23  Command Center  
  45  4:29  Siege Tank  
  47  4:38  Banshee  
  50  4:40  Marine x2  
  46  4:57  Marine x2, SCV  
  45  5:15  Marine x2  
  45  5:17  Command Center  
  43  5:33  Marine x2  
  44  5:47  Orbital Command  
  44  5:52  Marine x2  
  44  5:55  Barracks  
  46  6:00  Factory  
  46  6:06  Starport Reactor  
  44  6:17  SCV x2  
  46  6:25  Marine x2  
  46  6:30  Siege Tank  
  46  6:31  Orbital Command  
  51  6:33  SCV x2  
  53  6:47  Marine  
  53  6:48  Marine  
  53  6:49  Barracks Tech Lab  
  53  6:51  Viking x2  
  53  6:53  Factory Tech Lab  
  56  7:08  SCV x2  
  58  7:09  Barracks  
  58  7:13  Engineering Bay  
  57  7:15  Engineering Bay  
  52  7:24  Siege Tank  
  52  7:25  Medivac  
  52  7:26  Marine x3  
  57  7:44  Marine x2  
  58  7:47  SCV x3  
  61  7:56  Refinery, Marine  
  61  7:58  Refinery  
  62  7:59  SCV x3  
  62  8:01  Marine x2  
  67  8:11  SCV x2  
  67  8:12  SCV  
  70  8:13  Missile Turret, Marine  
  70  8:14  Missile Turret  
  70  8:17  Marine  
  70  8:19  Marine x2  
  73  8:23  SCV x2  
  73  8:24  SCV  
  77  8:31  Supply Depot, Marine  
  77  8:32  Supply Depot  
  78  8:35  SCV  
  78  8:36  SCV x2  
  78  8:37  Marine x2  
  83  8:43  Viking  
  85  8:52  Marine x2  
  85  8:53  Viking, Siege Tank, SCV  
  85  8:55  Marine x2  
  95  9:00  Stimpack  
  88  9:10  Marine x2  
  88  9:13  Marine x2, SCV x3  
  95  9:17  Siege Tank  
  98  9:25  Supply Depot, Siege Tank  
  98  9:26  Supply Depot  
  98  9:30  Supply Depot  
  101  9:37  Command Center  
  101  9:42  Marine x4  
  101  9:45  Terran Infantry Armor Level 1, Terran Infantry Weapons Level 1  
  105  9:48  SCV  
  105  9:51  SCV x2  
  105  9:59  Marine  
  103  10:00  Marine x3  
  103  10:05  SCV  
  103  10:06  SCV  
  107  10:17  Marine x2  
  107  10:18  Marine x2  
  108  10:25  Siege Tank x2  
  114  10:35  Marine x4  
  118  10:48  Orbital Command  
  118  10:53  Marine x4  
  122  11:02  Missile Turret  
  122  11:11  Marine x3  
  122  11:14  Marine  
  122  11:15  Siege Tank x2  
  122  11:16  Medivac  
  130  11:26  Sensor Tower  
  130  11:29  Marine x3  
  130  11:32  Marine  
  132  11:37  Medivac  
  126  11:46  Medivac, Marine  
  126  11:47  Marine x2  
  127  11:50  Marine  
  98  12:04  Marine x3  
  98  12:08  Marine  
  102  12:12  Siege Tank x2  
  108  12:22  Marine x3  
  110  12:25  Marine  
  106  12:40  Marine x3  
  106  12:43  Marine  
  107  12:46  Siege Tank x2  
  107  12:48  Medivac x2  
  117  12:58  Marine x3  
  119  13:01  Marine  
Tags
 
Add a new tag
Caveats
  • Supply blocks, unpowered buildings, or Contaminate may cause inaccurate times.
  • Supply counts are checked every 10 seconds.